 Dungeon Crawl Stone Soup version 0.25-a0-73-g9796ba8d15 (webtiles) character file.

Game seed: 3207835773572164385, levelgen mode: deterministic

70860 Napalmbreeze the Champion of Chaos (level 15, -3/123 HPs)
             Began as a Formicid Fighter on Nov 5, 2019.
             Was the Champion of Makhleb.
             Slain by an orc warrior
             ... wielding a +0 glaive
              (28 damage)
             ... on level 2 of the Orcish Mines.
             The game lasted 01:10:02 (25326 turns).

Napalmbreeze the Champion of Chaos (FoFi)          Turns: 25326, Time: 01:10:03

Health: -3/123     AC: 17    Str: 27    XL:     15   Next: 79%
Magic:  26/26      EV: 10    Int: 13    God:    Makhleb [******]
Gold:   2237       SH: 12    Dex: 10    Spells: 14/14 levels left

rFire    + . .     SeeInvis +   G - +7 flail of a Gauntlet {venom, Str+2 Int+3}
rCold    . . .     Gourm    .   c - +0 shield
rNeg     . . .     Faith    .   U - +3 plate armour {rF+}
rPois    .         Spirit   .   (helmet unavailable)
rElec    .         Reflect  .   l - scarf {repulsion}
rCorr    .         Harm     .   S - +2 pair of gloves
MR       ++...                  L - +1 pair of boots
Stlth    ..........             (no amulet)
HPRegen  0.30/turn              D - +2 ring of protection
MPRegen  0.20/turn              n - ring of protection from magic

@: corroded, lightly drained, repel missiles
A: permanent stasis, dig shafts and tunnels, four strong arms, antennae 3
a: Dig, Shaft Self, Minor Destruction, Lesser Servant of Makhleb, Major
Destruction, Greater Servant of Makhleb, Renounce Religion


You were on level 2 of the Orcish Mines.
You worshipped Makhleb.
Makhleb was exalted by your worship.
You were not hungry.

You visited 4 branches of the dungeon, and saw 22 of its levels.
You also visited: Bailey and Volcano.

You collected 2340 gold pieces.
You spent 103 gold pieces at shops.

Inventory:

Hand Weapons
 a - a +0 war axe
 G - the +7 flail of a Gauntlet (weapon) {venom, Str+2 Int+3}
   (You found it on level 9 of the Dungeon)

   It poisons the flesh of those it strikes.
   It affects your strength (+2).
   It affects your intelligence (+3).
Armour
 c - a +0 shield (worn)
 l - a scarf of repulsion (worn)
 L - a +1 pair of boots (worn)
 Q - the +7 chain mail "Ihatsy" {Dex+2}
   (You found it on level 6 of the Lair of Beasts)

   It affects your dexterity (+2).
 S - a +2 pair of gloves (worn)
 U - a +3 plate armour of fire resistance (worn)
Jewellery
 n - a ring of protection from magic (right hand)
 o - an uncursed ring of positive energy
 s - an uncursed ring of fire
 D - a +2 ring of protection (left hand)
 E - an uncursed ring of ice
 O - an uncursed ring of poison resistance
Wands
 w - a wand of scattershot (5)
 K - a wand of digging (8)
 M - a wand of acid (5)
 R - a wand of iceblast (3)
 V - a wand of disintegration (11)
Scrolls
 b - 6 scrolls of immolation
 e - 11 scrolls of remove curse
 i - a scroll of brand weapon
 j - 3 scrolls of identify
 p - 9 scrolls of amnesia
 q - 5 scrolls of enchant weapon
 r - 2 scrolls of fear {unknown}
 y - 3 scrolls of fog
 J - 3 scrolls of summoning
 W - a scroll of holy word
Potions
 d - 2 potions of flight {unknown}
 g - 2 potions of resistance {unknown}
 h - 3 potions of invisibility
 k - a potion of mutation {unknown}
 m - 5 potions of lignification {unknown}
 t - 5 potions of heal wounds
 u - 3 potions of cancellation {unknown}
 v - 9 potions of curing
 x - a potion of ambrosia {unknown}
 z - 3 potions of degeneration {unknown}
 B - a potion of agility {unknown}
 H - a potion of magic {unknown}
 P - a potion of brilliance {unknown}
 T - 4 potions of berserk rage {unknown}
Miscellaneous
 X - 2 phantom mirrors
Comestibles
 f - 33 rations
 A - a chunk of flesh


   Skills:
 - Level 13.0(12.8) Fighting
 - Level 7.8(11.3) Axes
 - Level 13.2(13.8) Maces & Flails
 - Level 10.0(9.8) Armour
 - Level 6.0(5.8) Dodging
 - Level 9.0(8.8) Shields
 + Level 15.7(15.6) Invocations


You had 14 spell levels left.
You didn't know any spells.
Your spell library contained the following spells:

 Spells                   Type           Power        Failure   Level  Hunger
 Animate Skeleton         Necr           N/A          95%         1    ##.....
 Beastly Appendage        Tmut           #.....       95%         1    ##.....
 Corona                   Hex            #......      95%         1    ##.....
 Infusion                 Chrm           #...         95%         1    ##.....
 Pain                     Necr           #...         95%         1    ##.....
 Summon Small Mammal      Summ           #...         95%         1    ##.....
 Call Imp                 Summ           #.......     99%         2    ###....
 Ensorcelled Hibernation  Hex/Ice        #.....       99%         2    ###....
 Shroud of Golubria       Chrm/Tloc      #.....       99%         2    ###....
 Song of Slaying          Chrm           #.......     99%         2    ###....
 Sticks to Snakes         Tmut           #.......     99%         2    ###....
 Call Canine Familiar     Summ           #.......     100%        3    ####...
 Confuse                  Hex            #.......     100%        3    ####...
 Dazzling Spray           Conj/Hex       #.....       100%        3    ####...
 Regeneration             Chrm/Necr      #.........   100%        3    ####...
 Spectral Weapon          Hex/Chrm       #.......     100%        3    ####...
 Spider Form              Tmut/Pois      #.........   100%        3    ####...
 Summon Guardian Golem    Hex/Summ       #.......     100%        3    ####...
 Tukima's Dance           Hex            #.......     100%        3    ####...
 Vampiric Draining        Necr           #.........   100%        3    ####...
 Animate Dead             Necr           N/A          100%        4    #####..
 Ice Form                 Ice/Tmut       #.......     100%        4    #####..
 Summon Ice Beast         Ice/Summ       #.......     100%        4    #####..
 Summon Lightning Spire   Summ/Air       #.......     100%        4    #####..
 Blade Hands              Tmut           #.........   100%        5    ######.
 Metabolic Englaciation   Hex/Ice        #.........   100%        5    ######.
 Bolt of Cold             Conj/Ice       #.........   100%        6    #######
 Freezing Cloud           Conj/Ice/Air   #.........   100%        6    #######
 Ozocubu's Refrigeration  Ice            #.........   100%        6    #######
 Simulacrum               Ice/Necr       #.........   100%        6    #######


Dungeon Overview and Level Annotations

Branches:
Dungeon (13/15)            Temple (1/1) D:7            Lair (6/6) D:8
  Swamp (0/4) Lair:3       Spider (0/4) Lair:4        Slime (0/5) Lair:6
    Orc (2/2) D:11            Elf (0/3) Orc:2        Bailey (visited)
Volcano (visited)
 Vaults: D:13-14

Altars:
Ashenzari
Cheibriados
Dithmenos
Elyvilon
Fedhas
Gozag
Hepliaklqana
Kikubaaqudgha
Makhleb
Nemelex Xobeh
Okawaru
Qazlal
Ru
Sif Muna
Trog
Uskayaw
Vehumet
Wu Jian
Xom
Yredelemnul
Zin
The Shining One
Jiyva

Shops:
D:4 (   D:9 !   D:11 *   Orc:2 !


Innate Abilities, Weirdness & Mutations

You cannot be hasted, slowed, berserked, paralysed or teleported.
You can dig through walls and to a lower floor.
Your four strong arms can wield two-handed weapons with a shield.
You have a pair of large antennae on your head. (SInv)


Message History

* * * LOW HITPOINT WARNING * * *
Unknown command.
Unknown command.
Unknown command.
You hit the orc knight.
The orc knight looks as sick as possible!
The orc knight is almost dead.
You block the orc knight's attack.
Your blizzard demon hits the orc knight but does no damage. x2
You block the orc high priest's attack.
Unknown command.
Unknown command.
Unknown command.
You hit the orc knight but do no damage.
The orc knight looks as sick as possible!
The orc knight is almost dead.
Send 'em back where they came from!
Your blizzard demon shudders.
The orc warrior hits you from afar with a +0 glaive!!
You die...

###....##.## #.# { ###....##..##
#o# . .#.....###..### #.# ..#
.....### ##...####.####...#
.....## ###.....{.....# ###
......## ######o###### ##.#
.......###########o###########...
..#............2oo...............
................@o..............#
.................................
........................#.#.....#
......................รท.##.##.###
....................))).....#####
........................#...##.#.
........#..................#.....
.#...............................
.................................


You could see an orc knight, an orc high priest, an orc sorcerer, 2 orc warriors
and a friendly blizzard demon.

Vanquished Creatures
  Gastronok (Orc:2)
  A war gargoyle (D:13)
  Azrael (D:13)
  5 hydras
  Harold (Orc:1)
  2 centaur warriors (D:13)
  Erolcha (D:9)
  A merfolk avatar (Lair:6)
  6 two-headed ogres
  An ogre mage (D:13)
  A tengu warrior (D:12)
  6 death yaks (Lair:4)
  An orc high priest (Orc:2)
  A hell knight (Volcano)
  2 unseen horrors
  A salamander mystic (Volcano)
  A sea snake (Lair:6)
  Pikel (D:7)
  4 orc knights
  2 cyclopes
  An orc sorcerer (Orc:2)
  8 ugly things
  A harpy (Lair:6)
  2 deep elf magi (D:13)
  4 manticores
  5 salamanders (Volcano)
  5 elephants (Lair:6)
  A centaur zombie (D:11)
  6 black mambas
  8 gargoyles (D:13)
  4 spiny frogs
  5 rime drakes
  9 komodo dragons
  4 polar bears
  4 trolls
  2 hornets
  18 hippogriffs
  13 blink frogs
  A meliai zombie (D:13)
  A vampire (D:11)
  A spriggan (D:13)
  4 yaks (Lair:3)
  9 wyverns
  A wraith (Lair:5)
  3 fire elementals (D:13)
  3 basilisks
  2 hungry ghosts
  3 wargs (Orc:2)
  A soldier ant (D:12)
  2 hell hounds (D:13)
  18 water moccasins
  An acid dragon (D:13)
  3 porcupines
  2 black bears
  3 sky beasts
  15 orc warriors
  3 ice beasts
  A phantom (D:10)
  13 centaurs
  12 ogres
  A boggart (D:11)
  6 wolves (Lair:1)
  12 crocodiles
  4 big kobolds
  A gnoll sergeant (Orc:2)
  22 bullfrogs
  A wyvern skeleton (D:6)
  3 scorpions
  15 killer bees
  An electric eel (Lair:3)
  8 wights
  A howler monkey (D:3)
  4 crimson imps
  A quasit (D:10)
  3 bullfrog zombies
  6 orc priests
  7 hounds
  11 orc wizards
  5 centaur skeletons
  2 jellies
  2 iguanas
  Ijyb (D:2)
  Natasha (thrice) (D:3)
  10 worker ants
  15 hell rats
  A hound skeleton (D:6)
  2 worker ant zombies
  19 adders
  9 gnolls (Bailey)
  4 river rats (Lair:6)
  2 shadow imps
  3 oozes
  A dart slug (D:2)
  7 worms
  4 leopard geckos
  49 orcs
  10 giant cockroaches
  6 goblins
  21 hobgoblins
  5 jackals
  9 quokkas
  4 ball pythons
  12 bats
  4 frilled lizards
  32 kobolds
  A quokka zombie (D:5)
  14 rats
606 creatures vanquished.

Vanquished Creatures (collateral kills)
  Josephine (Lair:5)
  A hydra (Lair:4)
  A black mamba (Lair:5)
  A spiny frog (Lair:2)
  A hippogriff (Lair:4)
  3 wyverns (Lair:4)
  2 wraiths (Lair:5)
  5 basilisks
  A porcupine (Lair:5)
  A scorpion (Lair:4)
  An electric eel (Lair:3)
  2 hell rats (Lair:2)
  A giant cockroach (Lair:4)
21 creatures vanquished.

Vanquished Creatures (others)
  A slave (D:7)
  A bullfrog (D:7)
  A gnoll (Bailey)
  A butterfly (Lair:3)
  23 fungi
  21 plants (Lair:6)
48 creatures vanquished.

Grand Total: 675 creatures vanquished

Notes
Turn   | Place    | Note
-------+----------+-------------------------------------------
     0 | D:1      | Napalmbreeze the Formicid Fighter began the quest for the
                  | Orb.
     0 | D:1      | Reached XP level 1. HP: 18/18 MP: 1/1
   141 | D:1      | Reached XP level 2. HP: 20/24 MP: 2/2
   636 | D:1      | Reached XP level 3. HP: 30/30 MP: 3/3
  1099 | D:2      | Reached XP level 4. HP: 31/37 MP: 4/4
  1883 | D:2      | Reached XP level 5. HP: 28/43 MP: 5/5
  2309 | D:3      | Noticed Natasha
  2311 | D:3      | Noticed Ijyb
  2312 | D:3      | Killed Natasha
  2336 | D:2      | Killed Ijyb
  2399 | D:3      | Noticed Natasha
  2417 | D:3      | Killed Natasha
  2417 | D:3      | Reached XP level 6. HP: 4/50 MP: 6/6
  2748 | D:3      | Noticed Natasha
  2767 | D:3      | Killed Natasha
  2767 | D:3      | Reached skill level 5 in Fighting
  2978 | D:3      | Found a shadowy altar of Dithmenos.
  3084 | D:3      | Found an ancient bone altar of Kikubaaqudgha.
  3533 | D:4      | Found a stormy altar of Qazlal.
  3550 | D:4      | Reached skill level 5 in Shields
  3781 | D:4      | Found Quntu Xui's Weapon Boutique.
  3781 | D:4      | Noticed an ogre
  3807 | D:3      | Reached XP level 7. HP: 52/56 MP: 7/7
  3949 | D:4      | Found an opulent altar of Gozag.
  4565 | D:5      | Entered Level 5 of the Dungeon
  4573 | D:5      | Reached skill level 5 in Armour
  4628 | D:5      | Found a shattered altar of Ashenzari.
  4686 | D:5      | Reached XP level 8. HP: 64/65 MP: 8/8
  4800 | D:5      | Reached skill level 5 in Axes
  5162 | D:5      | Found a shimmering altar of Xom.
  5876 | D:6      | Reached XP level 9. HP: 74/74 MP: 9/9
  6260 | D:6      | You fall into a shaft and drop 2 floors!
  6387 | D:8      | Found a staircase to the Lair.
  6449 | D:7      | Found a staircase to the Ecumenical Temple.
  6456 | Temple   | Entered the Ecumenical Temple
  6537 | Temple   | Became a worshipper of Makhleb the Destroyer
  6715 | D:7      | Noticed Pikel
  6753 | D:7      | Killed Pikel
  6753 | D:7      | Reached skill level 2 in Invocations
  6837 | D:7      | Found a flagged portal.
  6847 | Bailey   | Entered a bailey
  7211 | Bailey   | Noticed an orc knight
  7560 | D:7      | You fall into a shaft and drop 1 floor!
  7563 | D:8      | Reached * piety under Makhleb
  8163 | D:7      | Reached XP level 10. HP: 80/80 MP: 12/12
  8185 | D:7      | Reached skill level 3 in Invocations
  9097 | D:8      | Reached ** piety under Makhleb
  9111 | D:8      | Reached skill level 4 in Invocations
  9355 | D:9      | Got a pitted flail
  9356 | D:9      | Identified the +7 flail of a Gauntlet {venom, Str+2 Int+3}
                  | (You found it on level 9 of the Dungeon)
  9428 | D:9      | Noticed an unseen horror
  9472 | D:9      | Noticed a two-headed ogre
  9488 | D:9      | Killed a two-headed ogre
  9488 | D:9      | Reached skill level 5 in Invocations
  9795 | D:9      | Noticed Erolcha
  9831 | D:9      | Killed Erolcha
  9831 | D:9      | Reached skill level 6 in Invocations
 10222 | D:9      | Found Reitzolo's Distillery.
 10225 | D:9      | Bought a potion of heal wounds for 80 gold pieces
 10254 | D:10     | Entered Level 10 of the Dungeon
 10292 | D:10     | Reached skill level 7 in Invocations
 10497 | D:10     | Noticed a red ugly thing
 10513 | D:10     | Killed a red ugly thing
 10513 | D:10     | Reached XP level 11. HP: 39/87 MP: 16/16
 11335 | D:11     | Noticed a seven-headed hydra
 11500 | D:11     | Found a staircase to the Orcish Mines.
 11548 | D:11     | Killed a seven-headed hydra
 11548 | D:11     | Reached skill level 5 in Maces & Flails
 11862 | D:11     | Noticed a cyclops
 11881 | D:11     | Killed a cyclops
 11881 | D:11     | Reached skill level 8 in Invocations
 11886 | D:11     | Reached skill level 10 in Fighting
 12011 | D:11     | Found Sacrix's Assorted Antiques.
 12017 | D:11     | Bought a scroll labeled DELIGEITUDWA for 23 gold pieces
 12031 | D:11     | Noticed a brown ugly thing
 12051 | D:11     | Killed a brown ugly thing
 12121 | D:11     | Reached *** piety under Makhleb
 12312 | D:11     | Reached skill level 9 in Invocations
 12323 | D:11     | Noticed a manticore
 12330 | D:11     | Killed a manticore
 12331 | D:11     | Noticed an unseen horror
 12342 | D:11     | Killed an unseen horror
 12342 | D:11     | Reached skill level 10 in Invocations
 12384 | D:11     | Noticed a brown ugly thing
 12402 | D:11     | Killed a brown ugly thing
 12653 | D:11     | Noticed a two-headed ogre
 12665 | D:11     | Killed a two-headed ogre
 12665 | D:11     | Reached skill level 11 in Invocations
 12665 | D:11     | Reached XP level 12. HP: 83/97 MP: 20/20
 13292 | D:7      | Reached skill level 12 in Invocations
 13503 | Lair:1   | Entered Level 1 of the Lair of Beasts
 14027 | Lair:1   | Reached skill level 1 in Dodging
 14434 | Lair:1   | You fall into a shaft and drop 1 floor!
 15066 | Lair:2   | Noticed a six-headed hydra
 15081 | Lair:2   | Killed a six-headed hydra
 15153 | Lair:2   | Reached **** piety under Makhleb
 16029 | Lair:3   | Found a staircase to the Swamp.
 17468 | Lair:4   | Noticed a death yak
 17479 | Lair:4   | Reached XP level 13. HP: 105/105 MP: 22/22
 17810 | Lair:4   | Noticed a six-headed hydra
 17827 | Lair:4   | Killed a six-headed hydra
 17850 | Lair:4   | Reached skill level 10 in Armour
 17979 | Lair:4   | Found a hole to the Spider Nest.
 18116 | Lair:4   | Reached skill level 13 in Invocations
 18543 | Lair:4   | Noticed a six-headed hydra
 18551 | Lair:4   | Killed a six-headed hydra
 18975 | Lair:5   | Noticed Josephine
 19052 | Lair:5   | Killed Josephine
 19630 | Lair:6   | Entered Level 6 of the Lair of Beasts
 19677 | Lair:6   | Noticed a four-headed hydra
 19693 | Lair:6   | Killed a four-headed hydra
 19790 | Lair:6   | Reached XP level 14. HP: 87/115 MP: 23/23
 19851 | Lair:6   | Reached skill level 5 in Dodging
 19963 | Lair:6   | Found a dark tunnel.
 20015 | Volcano  | Entered a volcano
 20555 | Lair:6   | Found a staircase to the Slime Pits.
 20555 | Lair:6   | Found a viscous altar of Jiyva.
 20634 | Lair:6   | Reached skill level 10 in Maces & Flails
 20780 | Lair:6   | Reached ***** piety under Makhleb
 21209 | Lair:6   | Got a faintly humming chain mail
 21287 | Lair:6   | Identified the +7 chain mail "Ihatsy" {Dex+2} (You found it
                  | on level 6 of the Lair of Beasts)
 22820 | D:13     | Reached XP level 15. HP: 123/123 MP: 24/24
 23256 | D:13     | Noticed a war gargoyle
 23264 | D:13     | Killed a war gargoyle
 23413 | D:13     | Noticed Azrael
 23460 | D:13     | Killed Azrael
 23460 | D:13     | Reached skill level 14 in Invocations
 23989 | Orc:1    | Entered Level 1 of the Orcish Mines
 23990 | Orc:1    | Noticed Harold
 24011 | Orc:1    | Killed Harold
 24272 | Orc:2    | Entered Level 2 of the Orcish Mines
 24296 | Orc:2    | Reached skill level 15 in Invocations
 24534 | Orc:1    | Noticed Gastronok
 24550 | Orc:2    | Reached ****** piety under Makhleb
 24852 | Orc:2    | Killed Gastronok
 25188 | Orc:2    | Found Gylesebrum's Distillery.
 25228 | Orc:2    | Found a staircase to the Elven Halls.
 25326 | Orc:2    | Slain by an orc warrior

Levels and vault maps discovered:
D:1:      lightli_arrival_windingriver, layout_basic,
          chequers_serial_rivers_micro_a, minmay_tromino_v4_a
D:2:      layout_basic, st_stairs_11, minmay_hedge_maze, guppyfry_early_orc_mine
D:3:      layout_basic, lemuel_round_altar, grunt_dithmenos_smoke, first_ration,
          minivault_27, uniq_ijyb, uniq_natasha
D:4:      layout_basic, lemuel_crystal_altar, serial_shops,
          nicolae_shop_temple_entry_statues_fountains, grunt_gozag_breadcrumbs
D:5:      layout_gridville, evilmike_ruin_ashenzari, xom_teletrap_fun
D:6:      layout_basic
D:7:      layout_basic, temple_green, enter_bailey_2, uniq_pikel
D:8:      layout_loops_cross, lair_entry_dummy
D:9:      layout_irregular_city, serial_shops, kennysheep_mini, serial_glass,
          glass_columns_a, glass_columns_c, glass_columns_a, glass_columns_c,
          glass_columns_b, glass_columns_a, due_unseen_surprise,
          feat_on_display, unseen_surprise_small, feat_on_display, uniq_erolcha
D:10:     layout_loops_ring
D:11:     hangedman_cross_cluster, layout_gridville, orc_0_dummy, serial_shops,
          shop_fountains
D:12:     layout_irregular_city
D:13:     gargoyle_guard, layout_irregular_city, the_bakery, uniq_azrael
Temple:   compressed_dpeg_circular_temple
Lair:1:   layout_regular_city, grunt_megastairs_5
Lair:2:   layout_regular_city, lemuel_fruit_tree, grunt_megastairs_3
Lair:3:   layout_roguey, minmay_swamp_entry_eels, grunt_megastairs_2,
          lemuel_fruit_fields
Lair:4:   layout_roguey [special_room_mythical_zoo],
          nicolae_spider_entry_non_spiders, grunt_megastairs_1,
          lemuel_fruit_fields, infiniplex_staircase_pool
Lair:5:   layout_regular_city, uniq_josephine
Lair:6:   gammafunk_lair_ancient_temple, layout_long_grid, slime_altar_1,
          enter_volcano_4, kennysheep_abandoned_house
Orc:1:    nicolae_orc_accident_3, layout_caves, sword_in_stone, uniq_harold,
          uniq_gastronok
Orc:2:    st_orc_elflike, layout_diamond_mine, serial_shops, shop

Skill      XL: |  1  2  3  4  5  6  7  8  9 10 11 12 13 14 15 |
---------------+----------------------------------------------+-----
Shields        | 4 5 8 9 |  9.0
Fighting       | 4 5 6 8 10 12 13 | 13.0
Armour         | 4 5 6 7 8 10 | 10.0
Axes           | 3 4 6 7 |  7.8
Invocations    | 2 7 11 12 13 15 | 15.7
Maces & Flails | 4 6 7 9 12 13 | 13.2
Dodging        | 3 4 6 |  6.0

Action                   |  1- 3 |  4- 6 |  7- 9 | 10-12 | 13-15 || total
-------------------------+-------+-------+-------+-------+-------++-------
Melee: War axe           |   108 |   251 |   513 |   127 |       ||   999
       Flail             |       |       |       |   444 |  1275 ||  1719
Throw: Dart              |       |       |     5 |       |       ||     5
Invok: Minor Destruction |       |       |       |    15 |     3 ||    18
       Lesser Servant of |       |       |       |     4 |    11 ||    15
       Greater Servant o |       |       |       |       |     1 ||     1
 Abil: Shaft Self        |       |       |     2 |       |       ||     2
       Dig               |       |       |     1 |       |       ||     1
Evoke: Wand              |       |       |     6 |     6 |     2 ||    14
  Use: Potion            |       |     1 |       |     2 |     2 ||     5
       Scroll            |       |       |     5 |     8 |     4 ||    17
 Stab: Distracted        |       |       |       |       |     3 ||     3
  Eat: Chunk             |     1 |     9 |    11 |    16 |    15 ||    52
       Ration            |       |       |     2 |     4 |     3 ||     9
Armor: Scale mail        |    51 |    83 |       |       |       ||   134
       Plate armour      |       |    25 |   247 |   265 |   581 ||  1118
Dodge: Dodged            |    39 |    62 |   119 |   152 |   443 ||   815
       Deflected         |       |       |       |     1 |    21 ||    22
Block: Shield            |    68 |   161 |   274 |   377 |   713 ||  1593

Table legend:
 A = Non-vault XP
 B = Vault XP
 C = Vault XP percentage of total XP
 D = Non-vault monster count
 E = Vault monster count
 F = Vault count percentage of total count
                 A         B        C        D         E       F
            +---------+---------+-------+---------+---------+-------
      Total |   57451 |   43778 |  43.2 |     435 |     192 |  30.6
            +---------+---------+-------+---------+---------+-------
        D:1 |      30 |       6 |  16.7 |      19 |       4 |  17.4
        D:2 |      96 |      55 |  36.4 |      25 |      10 |  28.6
        D:3 |     212 |      35 |  14.2 |      24 |       1 |   4.0
        D:4 |     228 |       0 |   0.0 |      10 |       0 |   0.0
        D:5 |     671 |       0 |   0.0 |      22 |       0 |   0.0
        D:6 |    1372 |       0 |   0.0 |      31 |       0 |   0.0
        D:7 |     773 |    1349 |  63.6 |      19 |       2 |   9.5
        D:8 |     581 |       0 |   0.0 |      23 |       0 |   0.0
        D:9 |    1379 |     939 |  40.5 |      15 |       1 |   6.2
       D:10 |    1190 |       0 |   0.0 |      11 |       0 |   0.0
       D:11 |    3954 |    4890 |  55.3 |      21 |      21 |  50.0
       D:12 |    5281 |       0 |   0.0 |      32 |       0 |   0.0
       D:13 |   12213 |    7114 |  36.8 |      45 |      16 |  26.2
     Lair:1 |    2834 |     785 |  21.7 |      11 |       7 |  38.9
     Lair:2 |    2576 |     586 |  18.5 |      19 |       2 |   9.5
     Lair:3 |    2004 |    1765 |  46.8 |       9 |       9 |  50.0
     Lair:4 |    7219 |    5510 |  43.3 |      17 |      30 |  63.8
     Lair:5 |    2463 |    1478 |  37.5 |      12 |       5 |  29.4
     Lair:6 |    8986 |    8803 |  49.5 |      33 |      39 |  54.2
      Orc:1 |     691 |    2313 |  77.0 |      18 |       4 |  18.2
      Orc:2 |    2698 |    4019 |  59.8 |      19 |       8 |  29.6
     Bailey |       0 |     156 | 100.0 |       0 |      26 | 100.0
    Volcano |       0 |    3975 | 100.0 |       0 |       7 | 100.0
            +---------+---------+-------+---------+---------+-------
